 Dungeon Crawl Stone Soup version 0.32-a0-673-g3729bd50f8 (webtiles) character file.

Game seed: 14493834254594934444

138682 Malificent the Hand of Fortune (level 16, -6/127 HPs)
             Began as a Demonspawn Monk on Mar 10, 2024.
             Was the Champion of Nemelex Xobeh.
             Hit by a javelin thrown by a merfolk javelineer (15 damage)
             ... on level 1 of the Shoals.
             The game lasted 03:12:57 (30764 turns).

Malificent the Hand of Fortune (Demonspawn Monk)   Turns: 30764, Time: 03:12:58

Health: -6/127     AC: 17    Str: 18      XL:     16   Next: 71%
Magic:  27/27      EV: 16    Int: 14 (15) God:    Nemelex Xobeh [******]
Gold:   2082       SH:  0    Dex: 17      Spells: 15/15 levels left

rFire   . . .        b - +5 orcbow (heavy)
rCold   . . .        (shield currently unavailable)
rNeg    + . .        U - +0 swamp dragon scales
rPois   +            N - +2 hat
rElec   .            w - +2 cloak
rCorr   .            (gloves unavailable)
SInv    .            (no boots)
Will    +++++        k - amulet of the Four Winds {rN+ Will+++ Clar}
Stlth   ++           I - +4 ring of slaying
HPRegen 0.41/turn    F - ring of Spring {+Blink Will+ Int+4}
MPRegen 0.20/turn

%: clarity
@: on blink cooldown, wreathed by umbra, invisible, very slow
A: molten scales 1, ignite blood 2, demonic touch 3, foul shadow 2, horns 1,
dopey 1, strong 1
a: Renounce Religion, Evoke Blink, Draw Escape, Draw Destruction, Draw
Summoning, Triple Draw, Deal Four, Stack Five


You were on level 1 of the Shoals.
You worshipped Nemelex Xobeh.
Nemelex Xobeh was exalted by your worship.
You visited 5 branches of the dungeon, and saw 26 of its levels.
You also visited: Gauntlet and Ice Cave.

You collected 3759 gold pieces.
You spent 1677 gold pieces at shops.

Inventory:

Hand Weapons
 a - the +7 mace "Eviscerator" {freeze, rN+}
   (You found it on level 4 of the Dungeon)

   rN+:       It protects you from negative energy.
 b - a +5 heavy orcbow (weapon)
Missiles
 L - 6 silver javelins
Armour
 q - a +3 ring mail of willpower
 w - a +2 cloak (worn)
 z - the +5 robe of Misfortune {Harm *Corrode *Slow EV+5}
   (You found it on level 6 of the Dungeon)

   EV+5:      It affects your evasion (+5).
   *Corrode:  It may corrode you when you take damage.
   *Slow:     It may slow you when you take damage.
   Harm:      It increases damage dealt and taken.
 M - the +4 scale mail of Autumn {Str+3}
   (You found it on level 4 of the Lair of Beasts)

   Str+3:     It affects your strength (+3).
 N - a +2 hat (worn)
 T - a +2 robe of positive energy
 U - +0 swamp dragon scales (worn)
 Z - a +2 chain mail of cold resistance
Jewellery
 k - the amulet of the Four Winds (around neck) {rN+ Will+++ Clar}
   (You bought it in a shop on level 2 of the Orcish Mines)

   [amulet of nothing]

   rN+:       It protects you from negative energy.
   Will+++:   It greatly increases your willpower.
   Clar:      It protects you from confusion, rage, mesmerisation and fear.
 m - a ring of willpower
 p - the brooch of Shielding {Spirit SH+8}
   (You found it on level 10 of the Dungeon)

   [amulet of guardian spirit]

   Spirit:    It causes incoming damage to be divided between your reserves of
   health and magic.
   SH+8:      It affects your SH (+8).
 F - the ring of Spring (right hand) {+Blink Will+ Int+4}
   (You acquired it on level 8 of the Dungeon)

   [ring of willpower]

   Int+4:     It affects your intelligence (+4).
   Will+:     It increases your willpower.
   +Blink:    It lets you blink.
 I - a +4 ring of slaying (left hand)
Wands
 e - a wand of mindburst (7)
 s - a wand of charming (23)
 t - a wand of flame (53)
 y - a wand of polymorph (10)
 E - a wand of digging (5)
 O - a wand of acid (2)
 Q - a wand of roots (5)
Scrolls
 d - 2 scrolls of amnesia
 f - 6 scrolls of vulnerability
 h - 16 scrolls of teleportation
 j - 5 scrolls of poison
 l - 5 scrolls of revelation
 o - 2 scrolls of summoning
 v - 4 scrolls of immolation
 x - 5 scrolls of fog
 A - 3 scrolls of blinking
 B - 8 scrolls of fear
 J - 11 scrolls of identify
Potions
 c - 2 potions of attraction
 g - 6 potions of curing
 i - 7 potions of might
 n - 4 potions of brilliance
 r - a potion of enlightenment
 u - a potion of cancellation
 H - 5 potions of lignification
 K - a potion of mutation
 P - 3 potions of magic
 R - 2 potions of haste
Miscellaneous
 C - a lightning rod (2/4)
 W - a sack of spiders (inert)


   Skills:
 + Level 11.9 Fighting
 + Level 4.6 Long Blades
 + Level 12.2 Maces & Flails
 + Level 2.3 Polearms
 + Level 11.5 Ranged Weapons
 + Level 8.3 Armour
 + Level 9.6 Dodging
 + Level 6.1 Stealth
 + Level 3.7 Shields
 + Level 4.9 Necromancy
 * Level 15.6 Invocations
 * Level 9.8 Evocations


You had 15 spell levels left.
You didn't know any spells.
Your spell library contained the following spells:

 Spells                   Type           Power      Damage    Failure   Level
 Necrotise                Necr           52%        1d6       6%          1
 Apportation              Tloc           0%         N/A       43%         1
 Foxfire                  Conj/Fire      0%         2x1d4     43%         1
 Sting                    Conj/Alch      0%         1d3       43%         1
 Summon Small Mammal      Summ           0%         N/A       43%         1
 Animate Dead             Necr           13%        N/A       52%         4
 Call Imp                 Summ           0%         N/A       56%         2
 Tukima's Dance           Hex            0%         N/A       80%         3
 Brom's Barrelling Bould  Conj/Erth      0%         2d3       99%         4
 Dimensional Bullseye     Hex/Tloc       0%         N/A       99%         4
 Iskenderun's Mystic Bla  Conj/Tloc      0%         2d3       99%         4
 Leda's Liquefaction      Alch/Erth      0%         N/A       99%         4
 Olgreb's Toxic Radiance  Alch           0%         N/A       99%         4
 Petrify                  Alch/Erth      0%         N/A       99%         4
 Borgnjor's Vile Clutch   Necr/Erth      3%         N/A       99%         5
 Fireball                 Conj/Fire      0%         3d3       100%        5
 Iskenderun's Battlesphe  Conj           0%         2d6       100%        5
 Lee's Rapid Deconstruct  Erth           0%         3d4*      100%        5
 Summon Forest            Summ/Tloc      0%         N/A       100%        5
 Bombard                  Conj/Erth      0%         9d1       100%        6
 Conjure Ball Lightning   Conj/Air       0%         3x3d6     100%        6
 Death Channel            Necr           6%         N/A       100%        6
 Summon Cactus Giant      Summ           0%         N/A       100%        6
 Orb of Destruction       Conj           0%         9d5       100%        7
 Ozocubu's Refrigeration  Ice            0%         4d7       100%        7
 Summon Hydra             Summ           0%         N/A       100%        7
 Discord                  Hex            0%         N/A       100%        8
 Shatter                  Erth           0%         3d5*      100%        9


Dungeon Overview and Level Annotations

Branches:
Dungeon (15/15)            Temple (0/1) D:4            Lair (5/5) D:8
 Shoals (1/4) Lair:3       Spider (3/4) Lair:2        Slime (0/5) Lair:4
    Orc (2/2) D:10            Elf (0/3) Orc:2        Vaults (0/5) D:14
 Depths (0/4) D:15          IceCv (visited)         Gauntlet (visited)

Altars:
Ashenzari
Cheibriados
Fedhas
Gozag
Kikubaaqudgha
Makhleb
Nemelex Xobeh
Vehumet
Xom
Jiyva

Shops:
D:7 *   D:11 :   Orc:2 :?=(

Portals:
Trove: D:13 (give 3 potions of resistance)

Annotations:
D:10 3 runed translucent doors, Livid's ghost, journeyman CoMo; gdog's ghost, journeyman GnDe
Spider:3 2 transporters, exclusion: orange crystal statue


Innate Abilities, Weirdness & Mutations

You are partially covered in molten scales. (AC +2)
Your demonic aura often causes spilled blood to erupt in flames.
Your touch may irresistibly damage your foes and sap their willpower.
You are shadowed, sometimes releasing foul flame when damaged in melee.
You have a pair of small horns on your head.
You are dopey. (Int -2)
Your muscles are strong. (Str +4, Int/Dex -1)


Message History

Your catoblepas gores the merfolk impaler.
Your molten gargoyle blasts magma at the merfolk impaler!
The bolt of magma hits the merfolk impaler!!
The bolt of magma hits the merfolk!
The bolt of magma hits the merfolk javelineer!!
The bolt of magma hits the merfolk!!
The merfolk dies!
The merfolk impaler is engulfed in calcifying dust.
The merfolk avatar chants a haunting song.
You are unaffected.
The merfolk impaler is engulfed in calcifying dust.
The merfolk javelineer throws a silver javelin.
The silver javelin pierces through you!!
* * * LOW HITPOINT WARNING * * *
The silver sears you!
* * * LOW HITPOINT WARNING * * *
You fade into invisibility!
The merfolk impaler is engulfed in calcifying dust.
The merfolk closely misses your molten gargoyle.
The merfolk javelineer throws a silver javelin.
The silver javelin misses you.
The merfolk impaler is engulfed in calcifying dust.
You feel better.
A nearby plant withers and dies.
Your molten gargoyle closely misses the merfolk javelineer.
The merfolk throws a boomerang.
The boomerang hits you!
* * * LOW HITPOINT WARNING * * *
The merfolk avatar chants a haunting song.
You are unaffected.
The merfolk impaler is engulfed in calcifying dust.
The merfolk javelineer throws a silver javelin.
The silver javelin pierces through you!
* * * LOW HITPOINT WARNING * * *
The silver sears you!
* * * LOW HITPOINT WARNING * * *
The merfolk javelineer throws a javelin.
The javelin pierces through your molten gargoyle but does no damage.
The javelin pierces through the merfolk impaler!!
The javelin pierces through you!
You die...
Your body glows slightly and disappears.

~~P..~~P.....≈≈####~~
~~..~...~~~~...~≈≈# ≈≈
.~...#.........≈≈≈# ≈≈
.$...##...(....~≈≈##≈
≈~
..$..#.~.P)...~≈≈≈≈≈≈≈
...~~.........~≈≈≈≈≈≈m
~......P......m####≈≈≈≈
#.........>.≈# ≈≈≈≈
#..~@..m..9m# # ###
.....~~~○...Y.m##≈#≈
......~......m~≈≈m≈≈
≈≈~~.......†.m~≈m≈≈≈
≈≈≈~...%.~~~).~####≈≈
~≈~..#...~~~.m~# ≈
≈≈≈......~~~..~#
≈≈≈...........≈#
.........~≈


You could see a merfolk avatar, 2 merfolk impalers, 2 merfolk javelineers, 2
merfolk, a friendly catoblepas (summoned) and a friendly molten gargoyle
(summoned).

Vanquished Creatures
  Arachne (Spider:2)
  Jorgrun (D:12)
  4 emperor scorpions
  The ghost of Findleman the Warrior, an adept GrFi of Qazlal (Spider:3)
  A frost giant (D:9)
  A ghost moth (Spider:3)
  Louise (D:15)
  A broodmother (Spider:1)
  A minotaur (Gauntlet)
  Josephine (Orc:1)
  The ghost of Gadrel the Cleaver, a journeyman CoFi of Hepliaklqana (Lair:4)
  A yaktaur captain (D:14)
  6 hydras
  A great orb of eyes (D:15)
  4 ogre magi
  5 centaur warriors
  A catoblepas (Gauntlet)
  2 anacondas (D:15)
  16 two-headed ogres
  The ghost of croobank the Thaumaturge, a journeyman DECj of Vehumet (D:11)
  A deep troll shaman (Lair:5)
  A merfolk aquamancer (Shoals:1)
  4 boulder beetles
  5 death yaks (Lair:5)
  A death knight (D:15)
  4 demonic crawlers
  2 orc high priests (Orc:1)
  A tengu warrior (D:15)
  A thrashing horror (Gauntlet)
  Urug (D:10)
  2 skysharks
  Sonja (D:10)
  4 pharaoh ants
  3 orb spiders
  A sea snake (Shoals:1)
  2 deep trolls (Lair:5)
  An arcanist (D:11)
  A harpy (Spider:3)
  5 steelbarb worms
  An orc knight (D:15)
  5 cyclopes
  A faun (Lair:5)
  4 ugly things
  3 manticores
  8 wolf spiders
  2 moths of wrath
  Maurice (D:11)
  3 elephants (Lair:5)
  6 black mambas
  2 guardian serpents
  A kobold blastminer (Orc:2)
  A merfolk siren (Lair:3)
  2 gargoyles
  A guardian serpent (shapeshifter) (D:15)
  2 torpor snails (Spider:3)
  11 cane toads
  10 komodo dragons
  2 minotaur zombies (Gauntlet)
  A rime drake (Lair:4)
  2 yaktaurs (D:14)
  An unseen horror (D:13)
  6 kobold demonologists
  2 efreet
  A queen bee (shapeshifter) (D:15)
  8 trolls
  A merfolk (Shoals:1)
  6 polar bears
  14 tarantellas
  A hornet (Spider:1)
  27 blink frogs
  A snapping turtle (D:15)
  7 slime creatures
  19 jumping spiders
  13 culicivoras
  A shadow (D:12)
  2 vampires
  4 wyverns
  A water elemental (Shoals:1)
  6 centaur simulacra (D:10)
  38 yaks
  A hog (Spider:2)
  3 basilisks
  6 wraiths
  A steam dragon (Lair:2)
  A fire bat (Spider:1)
  2 wargs (Orc:1)
  19 redbacks
  7 vampire mosquitoes
  3 small abominations (Gauntlet)
  A harpy simulacrum (IceCv)
  2 acid dragons
  A hell hound (Spider:3)
  12 water moccasins
  4 black bears
  3 ice beasts
  27 orc warriors
  3 sky beasts
  5 laughing skulls
  23 wolves
  A tengu (Spider:3)
  3 centaurs
  26 ogres
  A phantom (D:5)
  4 kobold brigands
  9 bullfrogs
  4 scorpions
  A gnoll sergeant (D:5)
  10 wights
  5 killer bees (D:8)
  4 howler monkeys
  2 electric eels (Lair:2)
  5 hounds
  3 bombardier beetles
  15 jellies
  15 orc priests
  A gnoll bouda (D:5)
  3 sleepcaps
  4 iguanas
  A polar bear simulacrum (IceCv)
  19 hell rats
  37 orc wizards
  A wolf simulacrum (IceCv)
  13 gnolls
  4 adders
  7 white imps
  3 ufetubi (D:10)
  3 ribbon worms (D:2)
  3 dart slugs
  76 orcs
  8 ball pythons
  5 bats
  5 endoplasms
  3 giant cockroaches
  4 goblins
  8 hobgoblins
  8 jackals
  10 kobolds
  2 quokkas
  3 frilled lizards
  A rat (D:1)
784 creatures vanquished.

Vanquished Creatures (collateral kills)
  A spark wasp (Spider:3)
  2 hydras
  An ogre mage (Orc:2)
  A catoblepas (Lair:5)
  2 two-headed ogres
  2 death yaks (Lair:5)
  A steelbarb worm (Spider:3)
  An orc knight (Orc:2)
  An ugly thing (D:15)
  3 elephants (Lair:5)
  A torpor snail (Spider:2)
  A gargoyle (Gauntlet)
  A merfolk (Shoals:1)
  2 tarantellas
  A culicivora (Spider:3)
  A jumping spider (Spider:3)
  A wyvern (Spider:3)
  3 redbacks (Spider:3)
  2 wargs
  4 orc warriors (Orc:1)
  3 ogres
  2 killer bees (D:8)
  An orc priest (Orc:1)
  11 orcs
49 creatures vanquished.

Vanquished Creatures (others)
  An orc knight (Orc:1)
  4 ogres (Orc:2)
5 creatures vanquished.

Grand Total: 838 creatures vanquished

Notes
Turn   | Place    | Note
-------+----------+-------------------------------------------
     0 | D:1      | Malificent the Demonspawn Monk began the quest for the Orb.
     0 | D:1      | Reached XP level 1. HP: 18/18 MP: 1/1
   168 | D:1      | Gained mutation: Your touch may inflict minor irresistible
                  | damage on your foes. [demonic ancestry]
   168 | D:1      | Reached XP level 2. HP: 18/24 MP: 2/2
   765 | D:1      | Gained mutation: You sometimes lose your temper in combat.
                  | [potion of mutation]
   765 | D:1      | Gained mutation: You are vulnerable to heat. (rF-) [potion
                  | of mutation]
   907 | D:2      | Found a snail-covered altar of Cheibriados.
   918 | D:2      | Gained mutation: You are partially covered in molten
                  | scales. (AC +2) [demonic ancestry]
   918 | D:2      | Reached XP level 3. HP: 29/29 MP: 3/3
  1224 | D:2      | Found a faded altar of an unknown god.
  1228 | D:2      | Prayed at the altar of an unknown god.
  1228 | D:2      | Became a worshipper of Nemelex Xobeh the Trickster
  1228 | D:2      | Reached * piety under Nemelex Xobeh
  1228 | D:2      | Received a gift from Nemelex Xobeh
  1228 | D:2      | Reached ** piety under Nemelex Xobeh
  1228 | D:2      | Received a gift from Nemelex Xobeh
  1560 | D:3      | Noticed a scorpion
  1574 | D:3      | Reached XP level 4. HP: 17/35 MP: 4/4
  1574 | D:3      | Killed a scorpion
  1575 | D:3      | Reached skill level 1 in Stealth
  1575 | D:3      | Gained mutation: Your demonic aura sometimes causes spilled
                  | blood to erupt in flames. [demonic ancestry]
  1575 | D:3      | Reached XP level 5. HP: 19/42 MP: 5/5
  1717 | D:3      | Reached *** piety under Nemelex Xobeh
  1717 | D:3      | Received a gift from Nemelex Xobeh
  2415 | D:3      | Identified the +3 trident of the Absolute Madman {pain,
                  | rC+}
  2707 | D:4      | Received a gift from Nemelex Xobeh
  2812 | D:4      | Noticed a sky beast
  2815 | D:4      | Gained mutation: Your touch may inflict irresistible damage
                  | on your foes. [demonic ancestry]
  2815 | D:4      | Reached XP level 6. HP: 48/48 MP: 6/6
  2828 | D:4      | Killed a sky beast
  2829 | D:4      | Reached skill level 1 in Maces & Flails
  2829 | D:4      | Reached skill level 1 in Necromancy
  2842 | D:4      | Reached skill level 1 in Polearms
  2849 | D:4      | Found a staircase to the Ecumenical Temple.
  2851 | D:4      | Identified the +7 mace "Eviscerator" {freeze, rN+}
  2960 | D:4      | Found a burning altar of Makhleb.
  3079 | D:4      | Upgraded the game from 0.32-a0-666-ge8a88695a4 to
                  | 0.32-a0-673-g3729bd50f8
  3121 | D:5      | Entered Level 5 of the Dungeon
  3121 | D:5      | Reached **** piety under Nemelex Xobeh
  3190 | D:5      | Received a gift from Nemelex Xobeh
  3248 | D:5      | Reached XP level 7. HP: 48/54 MP: 7/7
  3689 | D:5      | Gained mutation: You are faintly shadowed, very rarely
                  | releasing foul flame when damaged in melee. [demonic
                  | ancestry]
  3689 | D:5      | Reached XP level 8. HP: 61/61 MP: 8/8
  3972 | D:5      | Received a gift from Nemelex Xobeh
  4001 | D:5      | Found a sparkling altar of Nemelex Xobeh.
  4091 | D:5      | Found a shimmering altar of Xom.
  4344 | D:6      | Found the +5 robe of Misfortune {Harm *Corrode *Slow EV+5}
  4410 | D:6      | Reached skill level 5 in Dodging
  5207 | D:7      | Reached skill level 5 in Fighting
  5211 | D:7      | Received a gift from Nemelex Xobeh
  5385 | D:7      | Got Jofor's Compendium of the Lapidarian Pyromaniac
  5393 | D:7      | Found an ancient bone altar of Kikubaaqudgha.
  5517 | D:7      | Found a radiant altar of Vehumet.
  5538 | D:7      | Found Pusa's Assorted Antiques.
  5547 | D:7      | Bought a fuming amethyst potion for 20 gold pieces
  5547 | D:7      | Bought a tapered brass wand for 92 gold pieces
  5547 | D:7      | Bought a scroll of identify for 46 gold pieces
  5547 | D:7      | Bought a smoky inky potion for 20 gold pieces
  5547 | D:7      | Bought a gilded ring for 115 gold pieces
  5548 | D:7      | Identified a scroll of acquirement
  5548 | D:7      | Acquired 1007 gold pieces
  5665 | D:7      | Reached ***** piety under Nemelex Xobeh
  5775 | D:8      | Reached skill level 1 in Invocations
  5775 | D:8      | Reached XP level 9. HP: 58/68 MP: 9/9
  5778 | D:8      | Reached skill level 5 in Maces & Flails
  5786 | D:8      | Acquired the ring of Spring {+Blink Will+ Int+4}
  5835 | D:8      | Reached skill level 2 in Invocations
  5921 | D:8      | Received a gift from Nemelex Xobeh
  5983 | D:8      | Found a blossoming altar of Fedhas.
  6170 | D:8      | Reached skill level 3 in Invocations
  6184 | D:8      | Found a staircase to the Lair.
  6754 | D:9      | Reached skill level 4 in Invocations
  6867 | D:9      | Gained mutation: You are shadowed, sometimes releasing foul
                  | flame when damaged in melee. [demonic ancestry]
  6867 | D:9      | Reached XP level 10. HP: 66/76 MP: 13/13
  6985 | D:9      | Lost mutation: You are vulnerable to heat. (rF-) [potion of
                  | mutation]
  6985 | D:9      | Lost mutation: You sometimes lose your temper in combat.
                  | [potion of mutation]
  6985 | D:9      | Gained mutation: You are dopey. (Int -2) [potion of
                  | mutation]
  6985 | D:9      | Gained mutation: You have a pair of small horns on your
                  | head. [potion of mutation]
  6985 | D:9      | Gained mutation: Your muscles are strong. (Str +4, Int/Dex
                  | -1) [potion of mutation]
  7114 | D:9      | Noticed Joseph
  7119 | D:9      | Joseph changed into Joseph the bullfrog
  7119 | D:9      | Noticed Joseph
  7122 | D:9      | Killed Joseph the bullfrog
  7162 | D:9      | Noticed Gastronok
  7164 | D:9      | Gastronok changed into Gastronok the frost giant
  7164 | D:9      | Noticed Gastronok
  7169 | D:9      | Killed Gastronok the frost giant
  7170 | D:9      | Reached skill level 1 in Ranged Weapons
  7170 | D:9      | Reached skill level 5 in Invocations
  7299 | D:9      | Found a broken altar of Ashenzari.
  7312 | D:9      | Acquired the +1 pair of gloves "Ihaman" {Dex+3}
  7461 | D:10     | Entered Level 10 of the Dungeon
  7689 | D:10     | Received a gift from Nemelex Xobeh
  7762 | D:10     | Reached skill level 6 in Invocations
  7766 | D:10     | Noticed an orange demon
  7795 | D:10     | Noticed Erica
  7799 | D:10     | Erica changed into Erica the yak
  7799 | D:10     | Noticed Erica
  7803 | D:10     | Killed Erica the yak
  7804 | D:10     | Reached skill level 1 in Armour
  7824 | D:10     | Reached XP level 11. HP: 78/83 MP: 14/16
  7837 | D:10     | Reached skill level 1 in Evocations
  7990 | D:10     | Found the brooch of Shielding {Spirit SH+8}
  7991 | D:10     | Noticed Urug
  7996 | D:10     | Killed Urug
  7997 | D:10     | Reached skill level 7 in Invocations
  8097 | D:10     | Found an opulent altar of Gozag.
  8613 | D:10     | Found a runed translucent gate.
  8614 | D:10     | Found a runed translucent gate.
  8614 | D:10     | Found a runed translucent gate.
  8614 | D:10     | Noticed gdog's ghost (journeyman GnDe)
  8615 | D:10     | Noticed Livid's ghost (journeyman CoMo)
  8702 | D:10     | Found a staircase to the Orcish Mines.
  8789 | D:10     | Noticed Sonja
  8790 | D:10     | Identified the -2 quarterstaff "Numoum" {flame, +Blink}
  8799 | D:10     | Killed Sonja
  8800 | D:10     | Reached skill level 8 in Invocations
  8904 | D:10     | Received a gift from Nemelex Xobeh
  9038 | D:10     | Reached skill level 1 in Shields
  9132 | D:11     | Noticed a boulder beetle
  9133 | D:11     | Noticed a sun demon
  9133 | D:11     | Noticed an arcanist
  9143 | D:11     | Killed an arcanist
  9150 | D:11     | Noticed a two-headed ogre
  9154 | D:11     | Killed a two-headed ogre
  9161 | D:11     | Killed a boulder beetle
  9303 | D:11     | Found a runed translucent gate.
  9303 | D:11     | Found a runed translucent gate.
  9304 | D:11     | Noticed croobank's ghost (journeyman DECj)
  9307 | D:11     | Found a runed translucent gate.
  9307 | D:11     | Noticed a ten-headed hydra
  9307 | D:11     | Noticed a nine-headed hydra
  9315 | D:11     | Found Maudiane's Book Shop.
  9449 | D:11     | Noticed Maurice
  9463 | D:11     | Killed Maurice
  9464 | D:11     | Reached XP level 12. HP: 86/92 MP: 16/18
  9987 | D:11     | Killed a ten-headed hydra
  9988 | D:11     | Reached skill level 9 in Invocations
  9991 | D:11     | Killed a nine-headed hydra
  9992 | D:11     | Reached skill level 5 in Ranged Weapons
  9995 | D:11     | Killed croobank's ghost
  9996 | D:11     | Reached skill level 10 in Maces & Flails
 10001 | D:11     | Identified the +0 broad axe "Nolybbea" {flame, Int+4 Dex+2
                  | Stlth+}
 10075 | Lair:1   | Entered Level 1 of the Lair of Beasts
 10378 | Lair:1   | Reached skill level 10 in Invocations
 10680 | Lair:1   | Received a gift from Nemelex Xobeh
 11119 | Orc:1    | Entered Level 1 of the Orcish Mines
 11170 | Orc:1    | Noticed an orc high priest
 11176 | Orc:1    | Killed an orc high priest
 11445 | Orc:1    | Noticed an orc high priest
 11459 | Orc:1    | Killed an orc high priest
 11576 | Orc:2    | Entered Level 2 of the Orcish Mines
 11576 | Orc:2    | Found a staircase to the Elven Halls.
 11576 | Orc:2    | Reached ****** piety under Nemelex Xobeh
 11748 | Orc:2    | Found a radiant altar of Vehumet.
 11761 | Orc:2    | Noticed a two-headed ogre
 11765 | Orc:2    | Killed a two-headed ogre
 11766 | Orc:2    | Reached XP level 13. HP: 99/99 MP: 21/21
 11903 | Orc:2    | Reached skill level 11 in Invocations
 11907 | Orc:2    | Reached skill level 5 in Armour
 12164 | Orc:2    | Noticed Josephine
 12400 | Orc:1    | Killed Josephine
 12830 | Orc:2    | Reached skill level 5 in Stealth
 12830 | Orc:2    | Reached skill level 5 in Evocations
 12881 | Orc:2    | Found Dibbaza's Weapon Shop.
 12881 | Orc:2    | Found Gumy's Jewellery Emporium.
 12882 | Orc:2    | Found Xuluor's Magic Scroll Emporium.
 12882 | Orc:2    | Found Qyesh's Book Boutique.
 12898 | Orc:2    | Bought the amulet of the Four Winds {rN+ Will+++ Clar} for
                  | 910 gold pieces
 12898 | Orc:2    | Found the amulet of the Four Winds {rN+ Will+++ Clar}
 12911 | Orc:2    | Bought a scroll of revelation for 90 gold pieces
 12911 | Orc:2    | Bought a scroll of blinking for 90 gold pieces
 12911 | Orc:2    | Bought a scroll of identify for 24 gold pieces
 12911 | Orc:2    | Bought 2 scrolls of revelation for 180 gold pieces
 12911 | Orc:2    | Bought a scroll of enchant weapon for 90 gold pieces
 12964 | Orc:2    | Reached skill level 12 in Invocations
 13404 | Lair:2   | Received a gift from Nemelex Xobeh
 13437 | Lair:2   | Found a frozen archway.
 13453 | IceCv    | Entered an ice cave
 13716 | IceCv    | Found a transporter.
 13728 | IceCv    | Found a transporter.
 13889 | Lair:2   | Received a gift from Nemelex Xobeh
 13914 | Lair:2   | Found a hole to the Spider Nest.
 14278 | Lair:2   | Gained mutation: Your demonic aura often causes spilled
                  | blood to erupt in flames. [demonic ancestry]
 14278 | Lair:2   | Reached XP level 14. HP: 108/108 MP: 23/23
 14287 | Lair:2   | Identified the +1 helmet "Fyotrirgh" {rCorr Int-2 Dex+7}
 14442 | Lair:2   | Received a gift from Nemelex Xobeh
 15153 | Lair:3   | Received a gift from Nemelex Xobeh
 15585 | Lair:3   | Found a staircase to the Shoals.
 15712 | Lair:4   | Found a gate leading to a gauntlet.
 15721 | Gauntlet | Entered a Gauntlet
 15721 | Gauntlet | Found a transporter.
 15729 | Gauntlet | Found a transporter.
 15732 | Gauntlet | Found a transporter.
 15733 | Gauntlet | Found a transporter.
 15739 | Gauntlet | Received a gift from Nemelex Xobeh
 15742 | Gauntlet | Found a transporter.
 15744 | Gauntlet | Found a transporter.
 15745 | Gauntlet | Found a transporter.
 15756 | Gauntlet | Found a transporter.
 15757 | Gauntlet | Found a transporter.
 15765 | Gauntlet | Found a transporter.
 15768 | Gauntlet | Found a transporter.
 15769 | Gauntlet | Found a transporter.
 15777 | Gauntlet | Found a transporter.
 15815 | Gauntlet | Found a transporter.
 17042 | Lair:4   | Found a staircase to the Slime Pits.
 17046 | Lair:4   | Found a viscous altar of Jiyva.
 17275 | Lair:4   | Received a gift from Nemelex Xobeh
 17301 | Lair:4   | Found a runed translucent door.
 17306 | Lair:4   | Noticed Gadrel's ghost (journeyman CoFi)
 17367 | Lair:4   | Killed Gadrel's ghost
 17368 | Lair:4   | Reached skill level 13 in Invocations
 17454 | Lair:4   | Identified the +4 scale mail of Autumn {Str+3}
 17901 | Lair:4   | Received a gift from Nemelex Xobeh
 17995 | Lair:5   | Entered Level 5 of the Lair of Beasts
 18216 | Lair:5   | Reached skill level 10 in Fighting
 18477 | Lair:5   | Got Sif Muna's Folio of Spawned Geometry
 18532 | Lair:5   | Received a gift from Nemelex Xobeh
 18598 | Lair:5   | Reached XP level 15. HP: 91/115 MP: 25/25
 19391 | D:12     | Noticed Jorgrun
 19398 | D:12     | Killed Jorgrun
 19483 | D:12     | Received a gift from Nemelex Xobeh
 19506 | D:12     | Reached skill level 10 in Ranged Weapons
 20030 | D:13     | Received a gift from Nemelex Xobeh
 20067 | D:13     | HP: 2/117 [burnt (10)]
 20685 | D:13     | Found a portal to a secret trove of treasure.
 21379 | D:14     | Received a gift from Nemelex Xobeh
 21729 | D:14     | Found a gate to the Vaults.
 22153 | D:15     | Entered Level 15 of the Dungeon
 22194 | D:15     | Received a gift from Nemelex Xobeh
 22308 | D:15     | Reached skill level 14 in Invocations
 22523 | D:15     | Received a gift from Nemelex Xobeh
 23051 | D:15     | Noticed Louise
 23055 | D:15     | Noticed an emperor scorpion
 23071 | D:15     | Killed an emperor scorpion
 23081 | D:15     | Killed Louise
 23176 | D:15     | Found a staircase to the Depths.
 23404 | D:15     | Received a gift from Nemelex Xobeh
 23921 | Spider:1 | Entered Level 1 of the Spider Nest
 25339 | Spider:1 | Gained mutation: Your touch may irresistibly damage your
                  | foes and sap their willpower. [demonic ancestry]
 25339 | Spider:1 | Reached XP level 16. HP: 106/125 MP: 26/26
 25470 | Spider:2 | Received a gift from Nemelex Xobeh
 25964 | Spider:2 | Noticed Arachne
 25974 | Spider:2 | Killed Arachne
 26556 | Spider:2 | Received a gift from Nemelex Xobeh
 28292 | Spider:3 | Reached skill level 15 in Invocations
 28913 | Spider:3 | Found a transporter.
 28921 | Spider:3 | Found a transporter.
 29598 | Spider:3 | Found a large runed translucent door.
 29599 | Spider:3 | Found a large runed translucent door.
 29614 | Spider:3 | Noticed Findleman's ghost (adept GrFi)
 30137 | Spider:3 | Killed Findleman's ghost
 30587 | Shoals:1 | Entered Level 1 of the Shoals
 30764 | Shoals:1 | Hit by a javelin thrown by a merfolk javelineer

Illustrated notes

Levels and vault maps discovered:
D:1:      nicolae_arrival_memento_mori, layout_loops_ring
D:2:      layout_basic, basic_altar, serial_forest,
          infiniplex_forest_clump_cross, infiniplex_forest_lined_3,
          infiniplex_forest_lined_room_2, infiniplex_forest_diagonal,
          infiniplex_forest_lined_room_, infiniplex_forest_corner_1,
          infiniplex_forest_clump_medium, infiniplex_forest_clump_diagonal,
          hellmonk_ecumenical_altar_leap_of_faith
D:3:      layout_basic
D:4:      layout_cave_pools, makhleb_heckhound_becter, kennysheep_mini_moat,
          minmay_temple_entry_junction_2
D:5:      layout_basic, nemelex_dance_club_becter, lemuel_tele_altar
D:6:      layout_rooms, chequers_serial_rivers_micro_c
D:7:      layout_basic, kiku_gazebo_pond_becter, mainiacjoe_overflow_boulevard,
          serial_shops, nicolae_shop_trees
D:8:      layout_basic, zin_treasury, fedhas_altar_1, lair_entry_dummy,
          dreamdust_princess_corridor, eino_tiny_chamber, bh_walls_and_bars
D:9:      layout_cave_pools, cheibrodos_ashenzari_chains,
          chequers_serial_rivers_room_a, minmay_hedge_maze, uniq_joseph,
          uniq_gastronok
D:10:     layout_basic, amcnicky_altar_gilded, david_orc_4, serial_ice,
          serial_ice_i, serial_ice_h, serial_ice_b, serial_ice_c, serial_ice_a,
          serial_ice_m, gammafunk_ghost_cemetery, uniq_urug, uniq_sonja,
          uniq_erica
D:11:     layout_loops_ring, gammafunk_ghost_hydra_chop, serial_shops,
          nicolae_square_shop, uniq_maurice
D:12:     layout_small_grid, uniq_jorgrun
D:13:     layout_basic, trove_entry_hex_spiral
D:14:     layout_basic, david_vaults_2, dk_noncrumbling_3
D:15:     hangedman_depths_entry_try_elsewhere_first, layout_loops_corners,
          uniq_louise
Lair:1:   layout_cave_pods
Lair:2:   layout_gridlike, nicolae_spider_entry_lesser_pyramids,
          portal_ice_cave_entry_pillars_1, beast_lair_carwin_7,
          serial_bayou_shore_b, serial_bayou_shore_a, infiniplex_staircase_pool
Lair:3:   layout_misc_corridors, elwin_shoals_entry_rooms, grunt_megastairs_2
Lair:4:   layout_roguey, minmay_slime_entry_jelly_boxes, gauntlet_entry_generic,
          hellmonk_ghost_happy_afterlife, minmay_holes
Lair:5:   grunt_lair_end_beastmaster, layout_long_grid,
          hangedman_lair_generics_rect
Shoals:1: cheibrodos_shoals_gigantism, layout_shoals, serial_shops,
          nicolae_shop_tiny_statue_garden, st_sunken_huts, uniq_nikola
Spider:1: layout_spider_delve
Spider:2: layout_chambers, drop_trap, uniq_arachne
Spider:3: gammafunk_sealed_arena, ebering_ghost_disaster_area
Orc:1:    layout_caves
Orc:2:    st_orc_ogre_mass, layout_caves, basic_altar, uniq_josephine

Skill      XL: |  1  2  3  4  5  6  7  8  9 10 11 12 13 14 15 16 |
---------------+-------------------------------------------------+-----
Long Blades    | 3 4 |  4.6
Dodging        | 3 4 5 6 7 8 9 |  9.6
Stealth        | 1 2 3 4 5 6 |  6.1
Fighting       | 4 5 6 7 8 9 10 11 | 11.9
Maces & Flails | 1 2 4 7 8 9 10 11 12 | 12.2
Necromancy     | 1 3 4 |  4.9
Polearms       | 1 2 |  2.3
Invocations    | 1 4 6 8 10 12 13 14 15 | 15.6
Ranged Weapons | 2 4 6 8 9 11 | 11.5
Armour         | 1 3 4 5 6 7 8 |  8.3
Evocations     | 1 3 5 7 8 9 |  9.8
Shields        | 1 2 3 |  3.7

Action                     |  1- 3 |  4- 6 |  7- 9 | 10-12 | 13-15 | 16-18 || total
---------------------------+-------+-------+-------+-------+-------+-------++-------
  Melee: Falchion          |    95 |     3 |       |       |       |       ||    98
         Touch             |    16 |    12 |    25 |    54 |    88 |    54 ||   249
         Whip              |       |    33 |       |       |       |       ||    33
         Trident           |       |    32 |       |       |       |       ||    32
         Mace              |       |    14 |   149 |   255 |   359 |   260 ||  1037
         Headbutt          |       |       |       |    52 |   105 |    76 ||   233
   Fire: Orcbow            |       |       |     2 |   127 |   377 |    83 ||   589
 Invoke: Draw Destruction  |     1 |     8 |    17 |    23 |    43 |    20 ||   112
         Draw Escape       |       |       |     2 |     6 |    12 |    12 ||    32
         Draw Summoning    |       |       |     1 |     8 |     8 |     8 ||    25
         Triple Draw       |       |       |       |       |     1 |       ||     1
Ability: Evoke Blink       |       |       |     1 |     2 |    10 |     2 ||    15
  Evoke: Wand              |       |       |     2 |    10 |    16 |     6 ||    34
         Lightning rod     |       |       |       |       |       |     3 ||     3
         Sack of spiders   |       |       |       |       |       |     1 ||     1
    Use: Scroll            |     5 |     3 |    16 |     3 |    10 |     2 ||    39
         Potion            |     1 |       |     4 |     1 |    10 |     5 ||    21
   Stab: Sleeping          |     3 |     1 |     4 |     1 |     8 |     1 ||    18
         Distracted        |       |       |     2 |       |       |     1 ||     3
         Petrifying        |       |       |       |       |     1 |       ||     1
 Armour: Robe              |    41 |    42 |    76 |     2 |   102 |       ||   263
         Ring mail         |       |       |       |   173 |    46 |       ||   219
         Scale mail        |       |       |       |       |   199 |       ||   199
         Swamp dragon scal |       |       |       |       |    77 |   329 ||   406
  Dodge: Dodged            |    54 |    70 |   161 |   239 |   582 |   370 ||  1476
  Block: Other             |       |       |       |    88 |    22 |       ||   110

Table legend: (Time is in decaauts)
 A = Elapsed time spent in this place.
 B = Non-inter-level travel time spent in this place.
 C = Inter-level travel time spent in this place.
 D = Time resting spent in this place.
 E = Time spent auto-exploring this place.
 F = Levels seen in this place.
 G = Mean time per level.
                   A        B        C        D        E       F      G
               +--------+--------+--------+--------+--------+-----+--------+
         Total |  31200 |  29668 |   1532 |   9353 |  13512 |  28 | 1114.3 |
       Dungeon |  15186 |  14308 |    878 |   2795 |   8405 |  15 | 1012.4 |
          Lair |   5707 |   5233 |    474 |   1004 |   2816 |   5 | 1141.4 |
        Shoals |    175 |    175 |      0 |     90 |      0 |   1 |  175.0 |
   Spider Nest |   6492 |   6352 |    140 |   3604 |   1704 |   3 | 2164.0 |
  Orcish Mines |   2190 |   2152 |     38 |    860 |    587 |   2 | 1095.0 |
      Ice Cave |    290 |    290 |      0 |    247 |      0 |   1 |  290.0 |
      Gauntlet |   1156 |   1156 |      0 |    753 |      0 |   1 | 1156.0 |
               +--------+--------+--------+--------+--------+-----+--------+

Top non-repeatable levels by time:
Spider:2: 3155 daAuts
    D:10: 1943 daAuts
Spider:3: 1884 daAuts
Spider:1: 1452 daAuts
    D:13: 1433 daAuts
    D:15: 1401 daAuts
  Lair:2: 1309 daAuts
   Orc:1: 1244 daAuts
  Lair:5: 1223 daAuts
  Lair:4: 1194 daAuts
  Lair:1: 1164 daAuts
Gauntlet: 1156 daAuts
     D:5: 1121 daAuts
    D:14: 1018 daAuts
     D:3: 1001 daAuts
